 Dungeon Crawl Stone Soup version 0.25-a0-731-g0472a16d6a (webtiles) character file.

Game seed: 17828838422018231164, levelgen mode: deterministic

10 Amnesiac the Magician (level 2, -1/15 HPs)
             Began as a Deep Elf Wizard on Apr 8, 2020.
             Slain by an adder (3 damage)
             ... on level 2 of the Dungeon.
             The game lasted 00:01:00 (344 turns).

Amnesiac the Magician (Deep Elf Wizard)              Turns: 344, Time: 00:01:01

Health: -1/15      AC:  2    Str:  4    XL:     2   Next: 10%
Magic:  0/10       EV: 13    Int: 22    God:
Gold:   36         SH:  0    Dex: 13    Spells: 6/11 levels left

rFire    . . .     SeeInvis .   (no weapon)
rCold    . . .     Gourm    .   (no shield)
rNeg     . . .     Faith    .   a - +0 robe
rPois    .         Spirit   .   b - +0 hat
rElec    .         Reflect  .   (no cloak)
rCorr    .         Harm     .   (no gloves)
MR       .....                  (no boots)
Stlth    ++........             (no amulet)
HPRegen  0.05/turn              (no ring)
MPRegen  0.12/turn              (no ring)

@: brilliant, lethally poisoned (-1 -> -4)
A: no striking features
a: no special abilities


You were on level 2 of the Dungeon.
You were not hungry.

You visited 1 branch of the dungeon, and saw 2 of its levels.

You collected 36 gold pieces.

Inventory:

Armour
 a - a +0 robe (worn)
 b - a +0 hat (worn)
Comestibles
 c - a chunk of flesh
 d - 2 rations


   Skills:
 - Level 2.4 Dodging
 - Level 2.4 Stealth
 + Level 5.2 Spellcasting
 - Level 1.1 Conjurations
 - Level 1.1 Summonings
 - Level 1.1 Translocations


You had 6 spell levels left.
You knew the following spells:

 Your Spells              Type           Power        Failure   Level  Hunger
a - Magic Dart            Conj           ###.         6%          1    None
b - Call Imp              Summ           ###.....     10%         2    None
v - Blink                 Tloc           N/A          10%         2    None

Your spell library contained the following spells:

 Spells                   Type           Power        Failure   Level  Hunger
 Slow                     Hex            #.......     16%         2    None
 Conjure Flame            Conj/Fire      ##......     24%         3    None
 Mephitic Cloud           Conj/Pois/Air  ##......     26%         3    None


Dungeon Overview and Level Annotations

Branches:
Dungeon (1/15)

Altars:


Message History

You fall into a shaft and drop 1 floor!
The shaft crumbles and collapses.
An adder and a rat come into view.
The adder hisses angrily.
Found a coppery potion.
Casting: Call Imp (safe; 10% risk of failure)
Confirm with . or Enter, or press ? or * to list all spells.
A beastly little devil appears in a puff of flame.
The rat closely misses you. The rat bites you.
Casting: Call Imp (safe; 10% risk of failure)
Confirm with . or Enter, or press ? or * to list all spells.
Aiming: Magic Dart (safe; 6% risk of failure)
Press: ? - help, Shift-Dir - straight line, f - adder
Aim: an adder
Okay, then.
You hit the rat but do no damage. The adder barely misses you.
The rat bites you.
* * * LOW HITPOINT WARNING * * *
Your crimson imp blinks!
Casting: Magic Dart (safe; 6% risk of failure)
Confirm with . or Enter, or press ? or * to list all spells.
Aiming: Magic Dart (safe; 6% risk of failure)
Press: ? - help, Shift-Dir - straight line, f - rat
Aim: a rat The magic dart hits the rat.
The rat is heavily wounded.
The adder closely misses you. The rat misses you.
You aren't carrying any potions.
You aren't carrying any scrolls.
Unknown command.
You hit the rat but do no damage.
The rat is heavily wounded.
The adder closely misses you. The adder barely misses you.
The rat completely misses you.
You barely miss the rat.
The rat is heavily wounded.
The adder closely misses you. The rat barely misses you.
Casting: Magic Dart (safe; 6% risk of failure)
Confirm with . or Enter, or press ? or * to list all spells.
Aiming: Magic Dart (safe; 6% risk of failure)
Press: ? - help, Shift-Dir - straight line, f/p - rat
Aim: a rat (heavily wounded)
The magic dart hits the rat.
You kill the rat!
The adder barely misses you.
Your crimson imp blinks!
The adder bites you.
* * * LOW HITPOINT WARNING * * *
The adder bites you.
* * * LOW HITPOINT WARNING * * *
You are lethally poisoned!
The adder poisons you!
You see here a rat corpse.
* * * LOW HITPOINT WARNING * * *
You feel sick.
A worm comes into view.
You see here a coppery potion {!q}.
Really quaff a coppery potion {!q}?
It was a potion of brilliance {!q}.
You feel clever all of a sudden.
* * * LOW HITPOINT WARNING * * *
You feel sick. The adder misses you. The adder bites you.
You die...

..# #S#
#.# ####.#
#.5§.#
#†#### #.#
########S#
....w..@.#
.#########


You could see a worm (sleeping), an adder and a friendly crimson imp.

Vanquished Creatures
  A giant cockroach (D:1)
  2 jackals (D:1)
  4 kobolds (D:1)
  2 rats
9 creatures vanquished.

Notes
Turn   | Place    | Note
-------+----------+-------------------------------------------
     0 | D:1      | Amnesiac the Deep Elf Wizard began the quest for the Orb.
     0 | D:1      | Reached XP level 1. HP: 10/10 MP: 7/7
   172 | D:1      | Reached skill level 5 in Spellcasting
   187 | D:1      | Reached XP level 2. HP: 15/15 MP: 2/10
   192 | D:1      | Learned a level 2 spell: Blink
   195 | D:1      | Learned a level 2 spell: Call Imp
   330 | D:1      | You fall into a shaft and drop 1 floor!
   344 | D:2      | Slain by an adder

Levels and vault maps discovered:
D:1:      minmay_arrival_cross, layout_rooms
D:2:      layout_loops_ring, xom_teletrap_fun

Skill      XL: |  1 |
---------------+----+-----
Spellcasting   | 5 |  5.2
Dodging        | |  2.4
Stealth        | |  2.4
Conjurations   | |  1.1
Summonings     | |  1.1
Translocations | |  1.1

Action                   || total
-------------------------++-------
Melee: Unarmed           ||     5
 Cast: Magic Dart        ||    31
       Call Imp          ||     2
  Use: Potion            ||     1
Armor: Robe              ||     1
Dodge: Dodged            ||    27

Table legend:
 A = Non-vault XP
 B = Vault XP
 C = Vault XP percentage of total XP
 D = Non-vault monster count
 E = Vault monster count
 F = Vault count percentage of total count
                 A         B        C        D         E       F
            +---------+---------+-------+---------+---------+-------
      Total |      15 |       0 |   0.0 |       9 |       0 |   0.0
            +---------+---------+-------+---------+---------+-------
        D:1 |      14 |       0 |   0.0 |       8 |       0 |   0.0
        D:2 |       1 |       0 |   0.0 |       1 |       0 |   0.0
            +---------+---------+-------+---------+---------+-------
